 Dungeon Crawl Stone Soup version 0.18.1-48-g4cf74bf (webtiles) character file.

6717 dvd the Nimble (level 11, -8/69 HPs)
             Began as a Gargoyle Gladiator on Aug 1, 2016.
             Was a Priest of Qazlal.
             Mangled by a wyvern (14 damage)
             ... on level 10 of the Dungeon.
             The game lasted 00:33:47 (12513 turns).

dvd the Nimble (Gargoyle Gladiator)                Turns: 12513, Time: 00:33:48

Health: -8/69      AC: 12    Str: 20    XL:     11   Next: 4%
Magic:  12/12      EV: 16    Int: 11    God:    Qazlal [***...]
Gold:   392        SH:  4    Dex: 12    Spells: 0 memorised, 10 levels left

rFire  + . .     SeeInvis .     b - +2 dagger (venom)
rCold  + . .     Gourm    .     D - +2 leather armour {rF+}
rNeg   + . .     Faith    .     (no shield)
rPois  ∞         Spirit   .     c - +0 helmet
rElec  +         Dismiss  .     (no cloak)
rCorr  .         Reflect  .     (no gloves)
SustAt .         Harm     .     (no boots)
MR     +....                    o - amulet of rage
Stlth  +.........               y - ring of protection from magic
                                v - ring of protection from cold

@: somewhat resistant to hostile enchantments, very unstealthy
A: talons 1, clever 1, deformed body, negative energy resistance 1, electricity
resistance, unbreathing, evolution 1, petrification resistance, rot immunity, AC
+7
a: Upheaval, Elemental Force, Renounce Religion, Evoke Berserk Rage


You were on level 10 of the Dungeon.
You worshipped Qazlal.
Qazlal was most pleased with you.
You were not hungry.

You visited 2 branches of the dungeon, and saw 12 of its levels.
You also visited: Ossuary.

You collected 392 gold pieces.

Inventory:

Hand Weapons
 a - a +1 falchion of slicing
 b - a +2 dagger of venom (weapon)
 d - a +0 dagger of chaos
 A - a +1 long sword
Armour
 c - a +0 helmet (worn)
 j - a +2 robe of magic resistance
 p - the +1 chain mail of Zemm {MP+9}
   (You found it on level 5 of the Dungeon)

   It affects your magic capacity (+9).
 D - a +2 leather armour of fire resistance (worn)
Magical Staves
 m - an uncursed staff of death
Jewellery
 o - an amulet of rage (around neck)
 v - a ring of protection from cold (left hand)
 y - a ring of protection from magic (right hand)
 L - an uncursed ring of protection from fire
Wands
 z - a wand of random effects (28/48)
 B - a wand of flame (15/48)
 N - a wand of flame (19/48)
Scrolls
 i - 6 scrolls of remove curse
 l - 2 scrolls of fog
 n - 2 scrolls of amnesia
 t - 4 scrolls of teleportation
 H - 2 scrolls of identify
Potions
 h - 2 potions of haste
 q - 4 potions of curing
 r - a potion of agility
 s - 2 potions of flight
 w - a potion of cancellation
 E - 2 potions of brilliance
 J - a potion of magic
Books
 e - a book of the Tempests

   Spells                             Type                      Level
   a - Static Discharge               Conjuration/Air              3
   b - Lightning Bolt                 Conjuration/Air              5
   c - Fireball                       Conjuration/Fire             5
   d - Tornado                        Air                          9
   e - Shatter                        Earth                        9
 F - a book of Clouds

   Spells                             Type                      Level
   a - Mephitic Cloud                 Conjuration/Poison/Air       3
   b - Conjure Flame                  Conjuration/Fire             3
   c - Poisonous Cloud                Conjuration/Poison/Air       6
   d - Freezing Cloud                 Conjuration/Ice/Air          6
   e - Ring of Flames                 Charms/Fire                  7
 I - a book of Callings

   Spells                             Type                      Level
   a - Summon Small Mammal            Summoning                    1
   b - Call Imp                       Summoning                    2
   c - Call Canine Familiar           Summoning                    3
   d - Summon Guardian Golem          Hexes/Summoning              3
   e - Summon Lightning Spire         Summoning/Air                4
   f - Summon Ice Beast               Ice/Summoning                4
Comestibles
 f - 12 bread rations
 g - a royal jelly
 k - 4 beef jerkies
 u - 6 chunks of flesh
 C - 6 meat rations


   Skills:
 + Level 8.3 Fighting
 + Level 2.6(5.4) Short Blades
 + Level 7.3(7.6) Long Blades
 + Level 2.1 Throwing
 + Level 5.1 Armour
 + Level 9.3 Dodging
 + Level 3.2 Stealth
 + Level 0.9 Invocations
 + Level 1.3 Evocations


You had 10 spell levels left.
You didn't know any spells.

Dungeon Overview and Level Annotations

Branches:
Dungeon (11/15)            Temple (1/1) D:4
   Lair: D:8-11         Orc: D:9-12

Altars:
Ashenzari
Cheibriados
Dithmenos
Elyvilon
Gozag
Kikubaaqudgha
Makhleb
Nemelex Xobeh
Pakellas
Qazlal
Ru
Sif Muna
Trog
Vehumet
Xom
Yredelemnul
Zin
The Shining One

Shops:
D:7 %

Annotations:
D:4 junkhipster's ghost, amateur GrFi


Innate Abilities, Weirdness & Mutations

You are resistant to torment.
Your stone body is resilient (AC +7).
You are immune to poison.
You resist negative energy.
You are resistant to electric shocks.
You can survive without breathing.
You are immune to petrification.
You are immune to rotting.
You have sharp toenails.
Your mind is acute. (Int +2)
Armour fits poorly on your strangely shaped body.
You evolve.


Message History

Wield which item (- for none, * to show all)? (? for menu, Esc to quit)
Your +2 dagger of venom begins to drip with poison!
b - a +2 dagger of venom (weapon)
You closely miss the wyvern. You claw the wyvern, but do no damage.
The wyvern bites you!
* * * LOW HITPOINT WARNING * * *
You hit the wyvern.
The wyvern is poisoned.
You claw the wyvern, but do no damage.
The wyvern is lightly wounded.
The wyvern bites you!
* * * LOW HITPOINT WARNING * * *
The wyvern closely misses you.
You see here a quokka skeleton.
A worker ant comes into view.
The worker ant twitches its antennae in your direction.
The sheep "Baaaas" balefully.
The wyvern bites you but does no damage.
You see here a black bear skeleton.
The wyvern bites you!
You die...

#####...### P....
.........# ....
#.......###...
#####.....##..#.#
...........#.....
#.........#.#
#.###.##..#.########
#..W..##...#)†.....#
####.>#####÷##@######†#
.#.....#####.##l## #.#
#............§.Ya.#####.#
###.#...........§....##.#
.......#.#####(#.##.##.#
###.#...#.# #[#.##.##.#
.# #.#...#.#
#.#(##.##.##..# ....$....
#.#.##.##.§...#
#..#.#.#.#
..........§....#


You could see a wyvern, a sheep and a worker ant.

Vanquished Creatures
  A centaur warrior (D:10)
  The ghost of dvd the Grave Robber, a novice DsNe (D:6)
  A troll (D:10)
  Grinder (D:3)
  A wraith (D:10)
  A spriggan (D:7)
  The ghost of Heedrag the Conjurer, an amateur DsFE (D:3)
  A water moccasin (D:10)
  4 ice beasts
  5 orc warriors
  A sky beast (D:8)
  2 black bears
  4 ogres
  2 necrophages
  A wasp (D:8)
  2 phantoms
  4 centaurs
  A crocodile (D:10)
  2 big kobolds
  8 giant frogs
  2 scorpions
  4 killer bees (D:10)
  2 howler monkeys
  6 crimson imps
  2 centaur zombies (D:10)
  A giant frog zombie (D:7)
  A centaur skeleton (D:4)
  A human zombie (Ossuary)
  7 orc priests
  4 hounds
  4 orc wizards
  Ijyb (D:3)
  Natasha (thrice) (D:3)
  7 worker ants
  A statue (D:5)
  A killer bee zombie (D:8)
  A big kobold zombie (Ossuary)
  5 mummies (Ossuary)
  3 worker ant zombies
  4 gnolls
  2 howler monkey skeletons
  9 adders
  A shadow imp (D:5)
  An ooze (D:6)
  2 adder skeletons
  2 worms (D:9)
  A dart slug (D:4)
  4 giant geckos
  36 orcs
  6 giant cockroaches
  5 goblins
  9 hobgoblins
  8 jackals
  19 kobolds
  3 quokkas
  A ball python (D:2)
  A ball python skeleton (D:4)
  7 bats
  5 giant newts
  3 goblin zombies (Ossuary)
  2 hobgoblin zombies (Ossuary)
  An orc zombie (Ossuary)
  9 rats
241 creatures vanquished.

Vanquished Creatures (others)
  A plant (D:10)
1 creature vanquished.

Grand Total: 242 creatures vanquished

Notes
Turn   | Place    | Note
--------------------------------------------------------------
     0 | D:1      | dvd the Gargoyle Gladiator began the quest for the Orb.
     0 | D:1      | Reached XP level 1. HP: 12/12 MP: 1/1
   143 | D:1      | Reached XP level 2. HP: 16/17 MP: 2/2
   567 | D:1      | Reached XP level 3. HP: 19/22 MP: 3/3
   844 | D:2      | Reached skill level 3 in Dodging
  1008 | D:2      | Reached XP level 4. HP: 27/27 MP: 4/4
  1246 | D:3      | Noticed Heedrag's ghost (amateur DsFE)
  1696 | D:3      | Killed Heedrag's ghost
  1696 | D:3      | Reached skill level 1 in Short Blades
  1696 | D:3      | Reached skill level 1 in Armour
  1696 | D:3      | Reached XP level 5. HP: 17/32 MP: 5/5
  1696 | D:3      | Reached XP level 6. HP: 19/37 MP: 6/6
  1872 | D:3      | Found a stormy altar of Qazlal.
  1896 | D:3      | Became a worshipper of Qazlal Stormbringer
  2002 | D:3      | Noticed Grinder
  2003 | D:3      | Found a snail-covered altar of Cheibriados.
  2003 | D:3      | Paralysed by Grinder for 7 turns
  2018 | D:3      | Paralysed by Grinder for 2 turns
  2038 | D:3      | Killed Grinder
  2038 | D:3      | Reached skill level 4 in Dodging
  2055 | D:3      | Noticed Natasha
  2071 | D:3      | Killed Natasha
  2071 | D:3      | Reached XP level 7. HP: 30/43 MP: 7/7
  2206 | D:3      | Noticed Natasha
  2217 | D:3      | Killed Natasha
  2554 | D:3      | Noticed Natasha
  2562 | D:3      | Noticed Ijyb
  2566 | D:3      | Killed Natasha
  2579 | D:3      | Killed Ijyb
  2670 | D:4      | Found a bloodstained altar of Trog.
  2696 | D:4      | Found a sacrificial altar of Ru.
  3100 | D:4      | Noticed junkhipster's ghost (amateur GrFi)
  4044 | D:4      | Found a staircase to the Ecumenical Temple.
  4067 | Temple   | Entered the Ecumenical Temple
  4577 | Temple   | Reached skill level 5 in Fighting
  4577 | Temple   | Reached XP level 8. HP: 45/49 MP: 8/8
  4896 | D:3      | Reached skill level 1 in Stealth
  5014 | D:3      | Reached skill level 5 in Dodging
  5467 | D:5      | Entered Level 5 of the Dungeon
  5469 | D:5      | Found a glowing golden altar of the Shining One.
  5515 | D:5      | Got a smoking chain mail
  5526 | D:5      | Identified the +1 chain mail of Zemm {MP+9} (You found it on level 5 of the Dungeon)
  5643 | D:5      | Reached * piety under Qazlal
  5713 | D:5      | Found a sand-covered staircase.
  5777 | Ossuary  | Entered an ossuary
  6243 | D:5      | Found a radiant altar of Vehumet.
  6336 | D:5      | Found a radiant altar of Vehumet.
  6800 | D:5      | Reached skill level 5 in Long Blades
  6946 | D:5      | Reached XP level 9. HP: 52/55 MP: 9/9
  7008 | D:6      | Reached skill level 6 in Dodging
  7022 | D:6      | Reached ** piety under Qazlal
  7530 | D:6      | Noticed dvd's ghost (novice DsNe)
  7537 | D:6      | Killed dvd's ghost
  7537 | D:6      | Reached skill level 7 in Dodging
  7971 | D:6      | Found a shadowy altar of Dithmenos.
  8499 | D:5      | Gained mutation: You have a pair of small antennae on your head. [potion of mutation]
  8499 | D:5      | Gained mutation: Your mind is acute. (Int +2) [potion of mutation]
  8499 | D:5      | Gained mutation: You evolve. [potion of mutation]
  8762 | D:7      | Gained mutation: Armour fits poorly on your strangely shaped body. [evolution]
  9222 | D:7      | Found a deep blue altar of Sif Muna.
  9240 | D:7      | Found Saxuxzaz's Food Emporium.
  9353 | D:7      | Found a shimmering altar of Xom.
  9355 | D:7      | Found a burning altar of Makhleb.
  9811 | D:8      | Reached XP level 10. HP: 63/63 MP: 10/10
  9999 | D:8      | Reached skill level 8 in Dodging
 10003 | D:8      | Gained mutation: You have sharp toenails. [mutagenic meat]
 10004 | D:8      | Gained mutation: You tend to lose your temper in combat. [mutagenic meat]
 10005 | D:8      | Lost mutation: You have a pair of small antennae on your head. [mutagenic meat]
 10006 | D:8      | Lost mutation: You tend to lose your temper in combat. [mutagenic meat]
 10348 | D:8      | Reached *** piety under Qazlal
 10433 | D:8      | Reached skill level 5 in Armour
 11068 | D:9      | Noticed a moth of wrath
 11072 | D:9      | Found a bloodstained altar of Trog.
 11701 | D:10     | Entered Level 10 of the Dungeon
 11790 | D:10     | Reached skill level 1 in Evocations
 11820 | D:10     | Noticed an elephant
 12206 | D:10     | Noticed a centaur warrior
 12220 | D:10     | Killed a centaur warrior
 12220 | D:10     | Reached skill level 9 in Dodging
 12342 | D:10     | Reached **** piety under Qazlal
 12358 | D:10     | Reached XP level 11. HP: 11/68 MP: 12/12
 12513 | D:10     | Mangled by a wyvern

Skill      XL: |  1  2  3  4  5  6  7  8  9 10 |
---------------+-------------------------------+-----
Throwing       | 2 |  2.1
Long Blades    | 3 5 7 |  7.3
Dodging        | 3 4 5 7 9 |  9.3
Fighting       | 3 4 5 7 8 |  8.3
Short Blades   | 1 2 |  2.6
Armour         | 1 2 4 5 |  5.1
Stealth        | 2 3 |  3.2
Evocations     | 1 |  1.3
Invocations    | |  0.9

Action                   |  1- 3 |  4- 6 |  7- 9 | 10-12 || total
-------------------------+-------+-------+-------+-------++-------
Melee: Dagger            |    72 |    55 |   316 |   101 ||   544
       Long sword        |     2 |    76 |   354 |    70 ||   502
       Falchion          |       |       |       |   237 ||   237
       Kick              |       |       |       |   127 ||   127
Throw: Throwing net      |       |       |     3 |       ||     3
       Tomahawk          |       |       |       |     2 ||     2
Invok: Upheaval          |       |       |     1 |     2 ||     3
Evoke: Wand              |       |       |       |     7 ||     7
  Use: Scroll            |       |       |    17 |     3 ||    20
       Potion            |       |       |     8 |     1 ||     9
  Eat: Chunk             |       |     4 |    22 |    12 ||    38
       Pizza             |       |       |     1 |     1 ||     2
       Royal jelly       |       |       |     1 |       ||     1
Armor: Leather armour    |    33 |       |   186 |   120 ||   339
       Chain mail        |     6 |    80 |    57 |       ||   143
Dodge: Dodged            |    58 |    62 |   423 |   289 ||   832
Block: Other             |       |       |    25 |    66 ||    91
